 Dungeon Crawl Stone Soup version 0.17.1-3-g152610e (webtiles) character file.

394 juanjsm the Covert (level 6, -4/28 HPs)
             Began as a Spriggan Enchanter on Mar 31, 2016.
             Slain by a gnoll
             ... wielding a cursed -2 halberd
              (14 damage)
             ... on level 4 of the Dungeon.
             The game lasted 00:14:17 (3237 turns).

juanjsm the Covert (Spriggan Enchanter)             Turns: 3237, Time: 00:14:17

Health: -4/28      AC:  5    Str:  4    XL:     6   Next: 51%
Magic:  8/12       EV: 19    Int: 18    God:
Gold:   201        SH:  5    Dex: 17    Spells: 4 memorised, 3 levels left

rFire  . . .     SeeInvis +     a - +1 dagger
rCold  . . .     Clarity  .     b - +2 robe
rNeg   . . .     SustAt   .     t - +0 buckler
rPois  +         Gourm    .     (helmet restricted)
rElec  .         Spirit   .     p - +0 cloak (curse)
rCorr  .         Warding  .     (gloves unavailable)
rMut   .         Stasis   .     (boots unavailable)
MR     +....                    (no amulet)
Stlth  +++++.....               (no ring)
                                l - ring of poison resistance

@: very slightly contaminated, very quick, somewhat resistant to hostile
enchantments, quite stealthy
A: unfitting armour, see invisible, herbivore 3, speed 3, slow metabolism 2
a: no special abilities


You were on level 4 of the Dungeon.
You were not hungry.

You visited 1 branch of the dungeon, and saw 4 of its levels.

You collected 201 gold pieces.

Inventory:

Hand Weapons
 a - a +1 dagger (weapon)
Armour
 b - a +2 robe (worn)
 p - a cursed +0 cloak (worn)
 t - a +0 buckler (worn)
Jewellery
 k - an uncursed amulet of regeneration
 l - a ring of poison resistance (left hand)
Scrolls
 f - 4 scrolls of identify
 g - 2 scrolls of remove curse
 h - 3 scrolls of recharging {unknown}
 n - 2 scrolls of enchant weapon {unknown}
 q - a scroll of enchant armour
 u - 2 scrolls of noise {unknown}
 v - a scroll of teleportation
Potions
 e - 4 potions of curing
 m - a potion of ambrosia {unknown}
Books
 c - a book of Maledictions

   Spells                             Type                      Level
   a - Corona                         Hexes                        1
   b - Ensorcelled Hibernation        Hexes/Ice                    2
   c - Confuse                        Hexes                        3
   d - Tukima's Dance                 Hexes                        3
   e - Dazzling Spray                 Conjuration/Hexes            3
 s - a book of Hinderance

   Spells                             Type                      Level
   a - Confusing Touch                Hexes                        2
   b - Confuse                        Hexes                        3
   c - Gell's Gravitas                Hexes/Translocation          3
   d - Petrify                        Transmutation/Earth          4
   e - Metabolic Englaciation         Hexes/Ice                    5
Comestibles
 d - 3 bread rations
 o - 3 fruits


   Skills:
 * Level 2.2 Short Blades
 * Level 4.7 Dodging
 * Level 8.3 Stealth
 * Level 0.3 Shields
 * Level 3.6 Spellcasting
 * Level 5.0 Hexes
 + Level 0.5 Ice Magic


You had 3 spell levels left.
You knew the following spells:

 Your Spells              Type           Power        Failure   Level  Hunger
a - Corona                Hex            ###....      3%          1    None
b - Ensorcelled Hibernat  Hex/Ice        ##....       14%         2    ##.....
c - Confuse               Hex            ###.....     12%         3    ###....
d - Dazzling Spray        Conj/Hex       ##......     30%         3    ###....


Dungeon Overview and Level Annotations

Branches:
Dungeon (4/15)
 Temple: D:4-7

Altars:
Nemelex Xobeh
Trog

Shops:
D:4 [

Annotations:
D:4 jacquesderrida's ghost, amateur DsFE


Innate Abilities, Weirdness & Mutations

You are tiny and cannot use many weapons and most armour.
You have supernaturally acute eyesight.
You are a herbivore.
You cover ground extremely quickly.
You need consume almost no food.


Message History

You start to feel less resistant.
Your resistance to elements expires.
The gnoll is too close now for your liking.
Casting: Confuse
Confirm with . or Enter, or press ? or * to list all spells.
Aiming: Ensorcelled Hibernation
Press: ? - help, Shift-Dir - straight line, f/p - gnoll
Aim: a gnoll, wielding a halberd (chance to defeat MR: 52%)
The gnoll resists with significant effort.
Casting: Ensorcelled Hibernation
Confirm with . or Enter, or press ? or * to list all spells.
Aiming: Ensorcelled Hibernation
Press: ? - help, Shift-Dir - straight line, f/p - gnoll
Aim: a gnoll, wielding a halberd (chance to defeat MR: 52%)
You miscast Ensorcelled Hibernation.
You are very lightly contaminated with residual magic.
Your hands glow momentarily.
The gnoll hits you from afar with a halberd!
Ouch! That really hurt!
You die...

#..# .# ##### #..' .# #.... ...#
.# #.### #..## .# #.# ###...# .#
#.# #......# ##.# #.#
#####.#..#..### ##..# #.# #
...#.#..##...####..########.###
###.#.#...##...@.............(..
#.......#..)...###########...###
##$....†)......g# #.### #
#...............# #.#
.......#######.## #.#####
##.....# #.# #.##^.. ###.#.#
#.############.....♣ #.#W#
#...............#... #.#.#
##############....##


You could see a gnoll.

Vanquished Creatures
  Sigmund (D:2)
  A crimson imp (D:4)
  Terence (D:2)
  An orc wizard (D:4)
  3 adders (D:2)
  6 gnolls
  A worm (D:3)
  5 giant geckos
  5 orcs
  A ball python (D:2)
  2 giant cockroaches
  6 hobgoblins
  7 jackals
  2 quokkas (D:3)
  9 bats
  3 giant newts
  2 goblins
  5 kobolds
  3 rats
64 creatures vanquished.

Notes
Turn   | Place    | Note
--------------------------------------------------------------
     0 | D:1      | juanjsm the Spriggan Enchanter began the quest for the Orb.
     0 | D:1      | Reached XP level 1. HP: 9/9 MP: 5/5
   374 | D:1      | Reached XP level 2. HP: 13/13 MP: 6/6
   381 | D:1      | Learned a level 2 spell: Ensorcelled Hibernation
  1263 | D:2      | Reached skill level 5 in Stealth
  1263 | D:2      | Reached XP level 3. HP: 12/16 MP: 5/8
  1268 | D:2      | Learned a level 3 spell: Confuse
  1337 | D:2      | Noticed Terence
  1346 | D:2      | Noticed Sigmund
  1356 | D:2      | Killed Terence
  1364 | D:2      | Killed Sigmund
  1364 | D:2      | Reached skill level 7 in Stealth
  1364 | D:2      | Reached XP level 4. HP: 19/21 MP: 2/9
  1364 | D:2      | Reached XP level 5. HP: 21/24 MP: 2/10
  1862 | D:2      | Reached XP level 6. HP: 26/28 MP: 10/12
  1934 | D:2      | Learned a level 3 spell: Dazzling Spray
  2154 | D:3      | Found a bloodstained altar of Trog.
  2938 | D:4      | Reached skill level 8 in Stealth
  2959 | D:4      | Reached skill level 5 in Hexes
  3048 | D:4      | Found a sparkling altar of Nemelex Xobeh.
  3077 | D:4      | Found Jumug's Antique Armour Boutique.
  3121 | D:4      | Noticed jacquesderrida's ghost (amateur DsFE)
  3237 | D:4      | Slain by a gnoll

Action                   |  1- 3 |  4- 6 || total
-------------------------+-------+-------++-------
Melee: Dagger            |    80 |   142 ||   222
 Cast: Corona            |     5 |     1 ||     6
       Ensorcelled Hiber |     7 |    13 ||    20
       Confuse           |     2 |     5 ||     7
       Dazzling Spray    |       |     5 ||     5
  Use: Scroll            |     6 |       ||     6
       Potion            |     3 |     3 ||     6
 Stab: Sleeping          |    11 |    21 ||    32
       Confused          |     4 |     1 ||     5
       Invisible         |       |     2 ||     2
  Eat: Royal jelly       |       |     1 ||     1
       Fruit             |       |     1 ||     1
